 Dungeon Crawl Stone Soup version 0.27.1-35-g4d5d836560 (webtiles) character file.

Game seed: 15870505616685327585

1218 Delamore the Covert (level 8, -2/50 HPs)
             Began as an Octopode Brigand on Mar 8, 2022.
             Slain by Prince Ribbit (19 damage)
             ... on level 5 of the Dungeon.
             The game lasted 00:07:39 (6004 turns).

Delamore the Covert (Octopode Brigand)              Turns: 6004, Time: 00:07:39

Health: -2/50      AC:  1    Str: 10    XL:     8   Next: 46%
Magic:  8/8        EV: 15    Int: 13    God:
Gold:   186        SH:  0    Dex: 16    Spells: 7/7 levels left

rFire    . . .     SeeInvis .   a - +2 dagger
rCold    . . .     Faith    .   (no shield)
rNeg     . . .     Spirit   .   (helmet restricted)
rPois    .         Reflect  .   g - amulet of the acrobat
rElec    .         Harm     .   (no ring)
rCorr    .         Rampage  .   (no ring)
Will     .....                  (no ring)
Stlth    +++++.....             (no ring)
HPRegen  0.16/turn              (no ring)
MPRegen  0.11/turn              (no ring)
                                (no ring)
                                (no ring)

@: no status effects
A: almost no armour, amphibious, 8 rings, camouflage 1, gelatinous body 1,
(nimble swimmer 1), tentacles
a: no special abilities


You were on level 5 of the Dungeon.
You visited 1 branch of the dungeon, and saw 5 of its levels.
You also visited: Sewer.

You collected 291 gold pieces.
You spent 105 gold pieces at shops.

Inventory:

Hand Weapons
 a - a +2 dagger (weapon)
 f - a +0 rapier
Missiles
 b - 9 poisoned darts (quivered)
 r - 4 boomerangs
Armour
 e - a +0 kite shield
Jewellery
 g - an amulet of the acrobat (around mantle)
 m - an amulet of magic regeneration
Scrolls
 c - a scroll of silence
 h - a scroll of immolation
 i - 4 scrolls of noise
 l - 5 scrolls of amnesia
 o - a scroll of enchant weapon
 q - a scroll of magic mapping
 s - a scroll of vulnerability {unknown}
 u - a scroll of teleportation {unknown}
Potions
 d - 2 potions of cancellation
 j - a potion of attraction
 k - a potion of curing {unknown}
 n - a potion of heal wounds {unknown}
 p - a potion of magic {unknown}
 v - a potion of might {unknown}


   Skills:
 - Level 2.0 Fighting
 + Level 6.4 Short Blades
 - Level 2.0 Throwing
 - Level 5.0 Dodging
 - Level 10.0 Stealth


You had 7 spell levels left.
You didn't know any spells.
Your spell library contained the following spells:

 Spells                   Type           Power      Damage    Failure   Level
 Foxfire                  Conj/Fire      0%         2x1d4     30%         1
 Conjure Flame            Conj/Fire      0%         6-21      67%         3
 Inner Flame              Hex/Fire       0%         N/A       67%         3


Dungeon Overview and Level Annotations

Branches:
Dungeon (5/15)              Sewer (visited)
 Temple: D:4-7

Altars:
Dithmenos
Nemelex Xobeh
Xom

Shops:
D:2 ?

Annotations:
D:5 Prince Ribbit


Innate Abilities, Weirdness & Mutations

You cannot wear most types of armour.
You are amphibious.
You can wear up to eight rings at the same time.
Your skin changes colour to match your surroundings (Stealth+).
Your rubbery body absorbs attacks. (AC +1, EV +1)
((You are camouflaged near water. (Stealth+)))
You have tentacles for arms and can constrict up to eight enemies at once.


Message History

You squeeze Prince Ribbit.
Prince Ribbit is lightly wounded.
Prince Ribbit hits you!
You hit Prince Ribbit. You grab Prince Ribbit.
Prince Ribbit is lightly wounded.
You constrict Prince Ribbit. Prince Ribbit hits you!
You are too injured to fight recklessly!
You are too injured to fight recklessly!
You are too injured to fight recklessly!
You are too injured to fight recklessly!
You are too injured to fight recklessly!
You are too injured to fight recklessly!
You are too injured to fight recklessly!
You are too injured to fight recklessly!
You are too injured to fight recklessly!
You are too injured to fight recklessly!
You are too injured to fight recklessly!
You are too injured to fight recklessly!
You aren't carrying any items that you can evoke.
Unknown command.
Okay, then.
You hit Prince Ribbit.
Prince Ribbit is moderately wounded.
You constrict Prince Ribbit.
Prince Ribbit blinks free!
Okay, then.
As you read the scroll of identify, it crumbles to dust.
j - a potion of attraction You miss Prince Ribbit.
You grab Prince Ribbit. You squeeze Prince Ribbit.
Prince Ribbit is moderately wounded.
You constrict Prince Ribbit. Prince Ribbit misses you.
You hit Prince Ribbit. You squeeze Prince Ribbit.
Prince Ribbit is heavily wounded.
You constrict Prince Ribbit, but do no damage.
Prince Ribbit hits you.
You hit Prince Ribbit.
Prince Ribbit is severely wounded.
You constrict Prince Ribbit.
Prince Ribbit croaks regally.
Prince Ribbit hits you!!
You die...

..............#
####.########.###
#.# #.....#
##.######.#.#.#
###...........#.##
.................#
###..#####.#####.#
#..# ## #F# #..#
#@# #..# #ยง# #..#
#.# #... ..# #..#
#.# #.# #.# #.#


You could see Prince Ribbit.

Vanquished Creatures
  Sigmund (D:5)
  Purgy (Sewer)
  2 necrophages
  2 ice beasts (D:5)
  An ogre (D:5)
  A phantom (D:5)
  A water moccasin zombie (D:5)
  A wyvern zombie (D:5)
  Crazy Yiuf (D:2)
  Jessica (D:2)
  Terence (D:2)
  An orc wizard (D:5)
  4 hound skeletons
  4 gnolls
  6 adders
  An ufetubus (D:5)
  10 orcs
  6 endoplasms
  14 giant cockroaches
  3 goblins
  5 hobgoblins
  4 jackals (D:2)
  6 quokkas
  7 ball pythons
  8 bats
  A frilled lizard (D:1)
  6 kobolds
  11 rats
110 creatures vanquished.

Vanquished Creatures (others)
  7 fungi (D:2)
  3 plants (D:2)
10 creatures vanquished.

Grand Total: 120 creatures vanquished

Notes
Turn   | Place    | Note
-------+----------+-------------------------------------------
     0 | D:1      | Delamore the Octopode Brigand began the quest for the Orb.
     0 | D:1      | Reached XP level 1. HP: 14/14 MP: 1/1
     8 | D:1      | You fall into a shaft and drop 1 floor!
    12 | D:2      | Reached XP level 2. HP: 11/19 MP: 2/2
   204 | D:2      | Found a shimmering altar of Xom.
   225 | D:2      | Found a runed translucent door.
   226 | D:2      | Noticed Crazy Yiuf
   259 | D:2      | Noticed Terence
   270 | D:2      | Killed Terence
   271 | D:2      | Reached XP level 3. HP: 23/24 MP: 3/3
   405 | D:1      | Reached skill level 6 in Stealth
   805 | D:1      | Reached XP level 4. HP: 29/29 MP: 4/4
  1495 | D:2      | Found Ijoe's Magic Scroll Shoppe.
  1499 | D:2      | Noticed Jessica
  1506 | D:2      | Killed Jessica
  1546 | D:2      | Bought a scroll of identify for 28 gold pieces
  1546 | D:2      | Bought a scroll of identify for 28 gold pieces
  1587 | D:2      | Reached XP level 5. HP: 34/34 MP: 5/5
  1742 | D:2      | Found a faded altar of an unknown god.
  1793 | D:2      | Killed Crazy Yiuf
  2226 | D:3      | Found a glowing drain.
  2249 | Sewer    | Entered a sewer
  2271 | Sewer    | Noticed Purgy
  3099 | Sewer    | Killed Purgy
  3100 | Sewer    | Reached skill level 7 in Stealth
  3100 | Sewer    | Reached XP level 6. HP: 23/39 MP: 6/6
  3677 | D:2      | Bought a scroll of magic mapping for 49 gold pieces
  3747 | D:4      | Found a sparkling altar of Nemelex Xobeh.
  4438 | D:4      | Noticed a necrophage
  4449 | D:4      | Killed a necrophage
  4450 | D:4      | Reached XP level 7. HP: 44/45 MP: 7/7
  4461 | D:4      | Found a shadowy altar of Dithmenos.
  4696 | D:5      | Entered Level 5 of the Dungeon
  4727 | D:5      | Noticed Sigmund
  4739 | D:5      | Killed Sigmund
  4740 | D:5      | Reached skill level 8 in Stealth
  5096 | D:5      | Reached skill level 5 in Short Blades
  5513 | D:5      | Reached skill level 5 in Dodging
  5513 | D:5      | Reached skill level 9 in Stealth
  5513 | D:5      | Reached XP level 8. HP: 29/50 MP: 8/8
  5992 | D:5      | Reached skill level 10 in Stealth
  5993 | D:5      | Noticed Prince Ribbit
  6004 | D:5      | Slain by Prince Ribbit

Illustrated notes

Levels and vault maps discovered:
D:1:      dpeg_arrival_concentric_ovals, layout_basic, chequers_big_river
D:2:      layout_rooms, serial_shops, shop, basic_altar,
          shapermc_ecumenical_altar_hornbeckon, uniq_crazy_yiuf_cottage,
          uniq_jessica, uniq_terence
D:3:      layout_rooms, gup_sewer_entry_pipe, kennysheep_potato
D:4:      layout_gridville, amcnicky_altar_gilded, grunt_dithmenos_smoke
D:5:      layout_loops_ring, cheibrodos_worm_habitat, uniq_sigmund,
          uniq_prince_ribbit1

Skill      XL: |  1  2  3  4  5  6  7  8 |
---------------+-------------------------+-----
Dodging        | 2 3 4 5 |  5.0
Stealth        | 6 7 9 10 | 10.0
Short Blades   | 3 4 5 6 |  6.4
Fighting       | |  2.0
Throwing       | |  2.0

Action                   |  1- 3 |  4- 6 |  7- 9 || total
-------------------------+-------+-------+-------++-------
Melee: Dagger            |    39 |   144 |    87 ||   270
       Constrict         |     8 |    22 |    14 ||    44
       Tentacles         |     3 |    22 |    17 ||    42
Throw: Dart              |       |    17 |     6 ||    23
  Use: Scroll            |       |     7 |     2 ||     9
 Stab: Sleeping          |     9 |    30 |     5 ||    44
Armor: Skin              |       |     7 |       ||     7
Dodge: Dodged            |    19 |   101 |    33 ||   153
